 Dungeon Sprint DCSS version 0.27-a0-592-g0306a34022 (webtiles) character file.

Game seed: 17506957426874102594

23249 rocky1 the Tortoise (level 12, -22/122 HPs)
             Began as a Minotaur Fighter on Mar 11, 2021.
             Was the Champion of the Shining One.
             Killed from afar by a frost giant (36 damage)
             ... with a bolt of cold
             ... in the Dungeon (Sprint VII: "The Pits").
             The game lasted 00:16:06 (3012 turns).

rocky1 the Tortoise (Minotaur Fighter)              Turns: 3012, Time: 00:16:07

Health: -22/122    AC: 21    Str: 26    XL:     12   Next: 70%
Magic:  19/19      EV: 15    Int:  5    God:    the Shining One [******]
Gold:   49         SH: 15    Dex: 13    Spells: 11/11 levels left

rFire    . . .     SeeInvis .   t - +1 broad axe (vorpal)
rCold    . . .     Faith    .   c - +0 kite shield
rNeg     + + +     Spirit   .   D - +4 chain mail {Will+}
rPois    .         Reflect  .   (helmet restricted)
rElec    .         Harm     .   q - +0 cloak
rCorr    .         Rampage  .   r - +0 pair of gloves
Will     +....     NoTele   +   (no boots)
Stlth    ..........             (no amulet)
HPRegen  0.30/turn              (no ring)
MPRegen  0.16/turn              b - +3 ring of strength

@: glowing, studying Unarmed Combat
A: horns 2, retaliatory headbutt
a: Renounce Religion, Divine Shield, Cleansing Flame, Summon Divine Warrior,
Brand Weapon With Holy Wrath


You were in the Dungeon.
You worshipped the Shining One.
The Shining One was exalted by your worship.
You visited 1 branch You collected 49 gold pieces.

Inventory:

Hand Weapons
 n - a +2 scimitar of holy wrath
 o - a +2 scimitar of flaming
 t - a +1 vorpal broad axe (weapon)
 u - a +2 war axe of flaming
 B - the +7 dire flail of Vosaq {venom, Dex+4}
   (You found it in the Dungeon)

   It poisons the flesh of those it strikes.
   It affects your dexterity (+4).
 C - the +11 hunting sling "Pinulu" {speed, Int+5}
   (You took it off a vampire knight in the Dungeon)

   Attacks with this weapon are significantly faster.
   It affects your intelligence (+5).
Armour
 c - a +0 kite shield (worn)
 q - a +0 cloak (worn)
 r - a +0 pair of gloves (worn)
 s - a +4 chain mail
 D - a +4 chain mail of willpower (worn)
Jewellery
 a - a +3 ring of intelligence
 b - a +3 ring of strength (left hand)
 y - a ring of protection from cold
 z - a ring of protection from cold
Scrolls
 j - 4 scrolls of blinking
 l - 5 scrolls of amnesia
 m - a scroll of summoning
 v - 2 scrolls of identify
 w - 4 scrolls of enchant armour
 x - a scroll of fog
 A - a scroll of acquirement
Potions
 d - a potion of might
 e - 9 potions of curing
 f - 8 potions of heal wounds
 g - 3 potions of haste
 h - 4 potions of magic
 i - 4 potions of berserk rage
 k - 3 potions of brilliance
 p - 6 potions of mutation
Miscellaneous
 E - a phial of floods
 F - a box of beasts


   Skills:
 + Level 15.9 Fighting
 + Level 10.6 Long Blades
 + Level 15.9 Axes
 + Level 0.1(10.7) Maces & Flails
 + Level 16.1 Armour
 + Level 14.6 Dodging
 + Level 16.1 Shields
 + Level 11.3 Invocations


You had 11 spell levels left.
You didn't know any spells.
Your spell library was empty.

Dungeon Overview and Level Annotations

Branches:
Dungeon (1/1)

Altars:
Ashenzari
Cheibriados
Dithmenos
Elyvilon
Fedhas
Gozag
Hepliaklqana
Kikubaaqudgha
Makhleb
Nemelex Xobeh
Okawaru
Qazlal
Ru
Sif Muna
Trog
Uskayaw
Vehumet
Wu Jian
Xom
Yredelemnul
Zin
The Shining One
Beogh
Jiyva
Lugonu


Innate Abilities, Weirdness & Mutations

You have a pair of horns on your head.
You reflexively headbutt those who attack you in melee.


Message History

You hit the killer bee. You block the killer bee's attack.
Something unseen opens the door.
The frost giant casts a spell at you. The bolt of cold hits you!!!
* * * LOW HITPOINT WARNING * * *
The deep elf demonologist gestures wildly while chanting.
You feel much better.
The ice devil disappears in a puff of smoke!
The killer bee stings you but does no damage.
You block the killer bee's attack.
The frost giant hits you with a +0 battleaxe of freezing.
* * * LOW HITPOINT WARNING * * *
The frost giant freezes you.
* * * LOW HITPOINT WARNING * * *
You feel much better. The killer bee completely misses you.
You furiously retaliate!
You headbutt the killer bee!
You kill the killer bee!
The frost giant hits you with a +0 battleaxe of freezing!!
* * * LOW HITPOINT WARNING * * *
The frost giant freezes you!
* * * LOW HITPOINT WARNING * * *
You feel much better.
Unknown command.
You're wearing all the rings you can.
Remove which one? (? for menu, Esc to cancel) > or
a - a +3 ring of intelligence; < or
b - a +3 ring of strength You remove your +3 ring of intelligence.
You feel stupid. The frost giant casts a spell at you.
The bolt of cold hits you!!
* * * LOW HITPOINT WARNING * * *
y - a ring of protection from cold (right hand) Unknown command.
You're wearing all the rings you can.
Remove which one? (? for menu, Esc to cancel) > or
y - a ring of protection from cold; < or
b - a +3 ring of strength You remove your ring of protection from cold.
The frost giant gestures at you while chanting.
The bolt of cold hits you!!!
You die...

##############..#....#..
............''..........
............''..........
##########..##..#....#..
.#[#.#.#.#..##..........
#.#[#.#.##..##..........
(#}#.#|#.#..####''####++
#.#.#.#.##..####''###
.#)#.#.#.#..##.†@†..#
##########..##3#C##.#
.......... #.#ei .#
.......... # 3yE# #
#''###### #3|+ #''######
'[)# ........# ##+#
.#......# ........+


You could see a frost giant, a spriggan defender, a sun demon (summoned), a deep
elf demonologist, a water elemental, a neqoxec, a ynoxinul (summoned) and a
killer bee.

Vanquished Creatures
  A deep elf master archer (D)
  A ghost moth (D)
  A vampire knight (D)
  A lorocyproca (D)
  A great orb of eyes (D)
  2 hydras (D)
  An anaconda (D)
  A merfolk avatar (D)
  An alligator snapping turtle (D)
  5 death yaks (D)
  A shadow wraith (D)
  A swamp dragon (D)
  A wizard (D)
  A lindwurm (D)
  A deep elf pyromancer (D)
  A deep elf zephyrmancer (D)
  An orc sorcerer (D)
  A manticore (D)
  A cyclops (D)
  An elephant (D)
  2 black mambas (D)
  A gargoyle (D)
  A cane toad (D)
  An orange demon (D)
  A demonic crawler (D)
  A kobold demonologist (D)
  A freezing wraith (D)
  An efreet (D)
  2 ice devils (D)
  A guardian mummy (D)
  A hellwing (D)
  A hornet (D)
  Prince Ribbit (D)
  A snapping turtle (D)
  A flying skull (D)
  A tarantella (D)
  A redback (D)
  2 shadows (D)
  A spriggan (D)
  A basilisk (D)
  A ynoxinul (D)
  A vampire (D)
  A fire bat (D)
  A neqoxec (D)
  2 vampire mosquitoes (D)
  A water moccasin (D)
  A black bear (D)
  2 sky beasts (D)
  A necrophage (D)
  An ogre (D)
  A wolf (D)
  A centaur (D)
  A scorpion (D)
  7 killer bees (D)
  A crimson imp (D)
  A quasit (D)
  A hound (D)
  A jelly (D)
  An orc priest (D)
  An orc wizard (D)
  An iguana (D)
  2 worker ants (D)
  A river rat (D)
  A white imp (D)
  An ooze (D)
  4 adder skeletons (D)
  An adder simulacrum (D)
  2 orcs (D)
  A ball python (D)
  A bat (D)
  A giant cockroach (D)
  A quokka (D)
  A frilled lizard (D)
  A goblin (D)
95 creatures vanquished.

Notes
Turn   | Place    | Note
-------+----------+-------------------------------------------
     0 | D        | rocky1 the Minotaur Fighter began the quest for the Orb.
     0 | D        | Reached XP level 1. HP: 19/19 MP: 0/0
    40 | D        | Found a bloodstained altar of Trog.
    40 | D        | Found a shimmering blue altar of Sif Muna.
    40 | D        | Found a viscous altar of Jiyva.
    40 | D        | Found a hazy altar of Hepliaklqana.
    40 | D        | Found an opulent altar of Gozag.
    41 | D        | Found a glowing golden altar of the Shining One.
    41 | D        | Found a glowing silver altar of Zin.
    41 | D        | Found a basalt altar of Yredelemnul.
    41 | D        | Found a shimmering altar of Xom.
    41 | D        | Found an ornate altar of the Wu Jian Council.
    41 | D        | Found a sacrificial altar of Ru.
    41 | D        | Found a stormy altar of Qazlal.
    41 | D        | Found an iron altar of Okawaru.
    41 | D        | Found a sparkling altar of Nemelex Xobeh.
    41 | D        | Found a burning altar of Makhleb.
    41 | D        | Found a blossoming altar of Fedhas.
    41 | D        | Found a white marble altar of Elyvilon.
    41 | D        | Found a shadowy altar of Dithmenos.
    41 | D        | Found a snail-covered altar of Cheibriados.
    43 | D        | Found a radiant altar of Vehumet.
    43 | D        | Found a corrupted altar of Lugonu.
    44 | D        | Found a hide-covered altar of Uskayaw.
    44 | D        | Found an ancient bone altar of Kikubaaqudgha.
    44 | D        | Found a broken altar of Ashenzari.
    66 | D        | Became a worshipper of the Shining One
    81 | D        | Reached skill level 1 in Dodging
    85 | D        | Reached * piety under the Shining One
    89 | D        | Noticed a worker ant
    93 | D        | Killed a worker ant
    94 | D        | Reached XP level 2. HP: 21/28 MP: 1/1
    94 | D        | Reached XP level 3. HP: 26/35 MP: 2/2
   103 | D        | Reached skill level 5 in Fighting
   103 | D        | Reached skill level 5 in Armour
   103 | D        | Reached skill level 5 in Shields
   105 | D        | Reached ** piety under the Shining One
   106 | D        | Noticed a scorpion
   115 | D        | Killed a scorpion
   116 | D        | Reached skill level 5 in Axes
   116 | D        | Reached XP level 4. HP: 23/44 MP: 3/3
   271 | D        | Noticed a fire bat
   272 | D        | Reached *** piety under the Shining One
   272 | D        | Noticed a wolf
   281 | D        | Killed a wolf
   282 | D        | Reached skill level 5 in Dodging
   282 | D        | Reached XP level 5. HP: 41/52 MP: 4/4
   293 | D        | Killed a fire bat
   294 | D        | Reached XP level 6. HP: 39/61 MP: 5/5
   402 | D        | Noticed a water moccasin
   407 | D        | Killed a water moccasin
   410 | D        | Reached **** piety under the Shining One
   424 | D        | Reached XP level 7. HP: 69/69 MP: 6/6
   526 | D        | Noticed an orc sorcerer
   535 | D        | Noticed a sixfirhy
   537 | D        | Killed an orc sorcerer
   564 | D        | Noticed Prince Ribbit
   564 | D        | Reached ***** piety under the Shining One
   574 | D        | Killed Prince Ribbit
   575 | D        | Reached skill level 10 in Fighting
   575 | D        | Reached skill level 10 in Armour
   575 | D        | Reached skill level 10 in Shields
   575 | D        | Reached XP level 8. HP: 66/79 MP: 7/7
   648 | D        | Reached skill level 10 in Axes
   648 | D        | Reached skill level 1 in Invocations
   789 | D        | Reached ****** piety under the Shining One
   794 | D        | Noticed a manticore
   807 | D        | Killed a manticore
   808 | D        | Reached skill level 10 in Dodging
   808 | D        | Reached XP level 9. HP: 22/89 MP: 9/11
  1126 | D        | Noticed a black mamba
  1133 | D        | Killed a black mamba
  1134 | D        | Reached skill level 5 in Invocations
  1282 | D        | Noticed an elephant
  1288 | D        | Killed an elephant
  1411 | D        | Reached XP level 10. HP: 93/99 MP: 13/13
  1430 | D        | Noticed a cane toad
  1430 | D        | Noticed an orange demon
  1433 | D        | Killed a cane toad
  1438 | D        | Killed an orange demon
  1444 | D        | Noticed a cyclops
  1452 | D        | Killed a cyclops
  1514 | D        | Noticed a five-headed hydra
  1520 | D        | Killed a one-headed hydra
  1584 | D        | Noticed a wizard
  1584 | D        | Noticed a shadow wraith
  1589 | D        | Killed a wizard
  1591 | D        | Killed a shadow wraith
  1656 | D        | Noticed a death yak
  1656 | D        | Noticed a death yak
  1656 | D        | Noticed a death yak
  1656 | D        | Noticed a death yak
  1657 | D        | Noticed a death yak
  1657 | D        | Noticed a black mamba
  1677 | D        | Killed a death yak
  1687 | D        | Killed a death yak
  1688 | D        | Reached XP level 11. HP: 37/107 MP: 16/16
  1698 | D        | Killed a death yak
  1699 | D        | Reached skill level 5 in Long Blades
  1705 | D        | Killed a death yak
  1768 | D        | Killed a death yak
  2192 | D        | Got the +7 dire flail of Vosaq {venom, Dex+4}
  2284 | D        | Noticed a vampire knight
  2284 | D        | Noticed a deep elf pyromancer
  2285 | D        | Identified the +11 hunting sling "Pinulu" {speed, Int+5}
  2298 | D        | Noticed a deep elf master archer
  2301 | D        | Killed a vampire knight
  2310 | D        | Noticed a merfolk avatar
  2314 | D        | Killed a deep elf pyromancer
  2321 | D        | Noticed a ghost moth
  2321 | D        | Killed a deep elf master archer
  2322 | D        | Reached skill level 15 in Armour
  2322 | D        | Reached skill level 15 in Shields
  2322 | D        | Reached skill level 10 in Invocations
  2322 | D        | Reached XP level 12. HP: 102/118 MP: 18/18
  2330 | D        | Noticed a great orb of eyes
  2330 | D        | Killed a merfolk avatar
  2331 | D        | Reached skill level 15 in Fighting
  2331 | D        | Reached skill level 15 in Axes
  2341 | D        | Killed a ghost moth
  2353 | D        | Noticed a six-headed hydra
  2359 | D        | Killed a three-headed hydra
  2359 | D        | Paralysed by a great orb of eyes for 2 turns
  2359 | D        | Noticed an alligator snapping turtle
  2366 | D        | Killed a great orb of eyes
  2368 | D        | Noticed an anaconda
  2493 | D        | Noticed a lorocyproca
  2496 | D        | Killed a lorocyproca
  2496 | D        | Identified the +0 leather armour of Complete Protection
                  | {Regen+}
  2497 | D        | Reached skill level 10 in Long Blades
  2560 | D        | Killed an anaconda
  2857 | D        | Killed an alligator snapping turtle
  2996 | D        | Noticed a frost giant
  2996 | D        | Noticed a deep elf demonologist
  2996 | D        | Noticed a spriggan defender
  3012 | D        | Killed from afar by a frost giant

Illustrated notes

Levels and vault maps discovered:
D:        pitsprint [storerooms_1, entrance_room_1, metal_vault_5, armoury_1,
          mini_pit_1, grid_room_1, main_hall_1, silver_pit, the_coven_2,
          the_vestibule_1, steel_vault_4, golden_pit, hallway_of_sentries,
          crystal_vault_2, iron_vault_2, final_vault]

Skill      XL: |  1  2  3  4  5  6  7  8  9 10 11 12 |
---------------+-------------------------------------+-----
Dodging        | 2 4 5 6 7 8 10 11 12 13 14 | 14.6
Fighting       | 4 6 7 8 10 11 12 13 14 15 | 15.9
Axes           | 4 5 6 7 8 9 11 12 13 14 15 | 15.9
Armour         | 4 6 7 8 10 11 12 13 15 16 | 16.1
Shields        | 4 6 7 8 10 11 12 13 15 16 | 16.1
Invocations    | 4 6 8 10 11 | 11.3
Long Blades    | 4 8 10 | 10.6
Maces & Flails | |  0.1

Action                   |  1- 3 |  4- 6 |  7- 9 | 10-12 || total
-------------------------+-------+-------+-------+-------++-------
Melee: War axe           |    28 |     3 |       |     4 ||    35
       Headbutt          |     3 |     6 |    16 |    60 ||    85
       Hand axe          |       |    30 |    34 |       ||    64
       Broad axe         |       |       |    46 |   239 ||   285
       Scimitar          |       |       |       |     6 ||     6
Invok: Cleansing Flame   |       |       |       |     2 ||     2
  Use: Potion            |       |       |     1 |     7 ||     8
       Scroll            |       |       |       |     1 ||     1
Armor: Scale mail        |    14 |    10 |     5 |       ||    29
       Chain mail        |       |       |    25 |    75 ||   100
Dodge: Dodged            |     6 |    14 |    41 |    84 ||   145
Block: Kite shield       |    13 |    16 |    58 |   135 ||   222
       Rpst.: Scimitar   |       |       |       |     2 ||     2

Table legend: (Time is in decaauts)
 A = Elapsed time spent in this place.
 B = Non-inter-level travel time spent in this place.
 C = Inter-level travel time spent in this place.
 D = Time resting spent in this place.
 E = Time spent auto-exploring this place.
 F = Levels seen in this place.
 G = Mean time per level.
                   A        B        C        D        E       F      G
               +--------+--------+--------+--------+--------+-----+--------+
         Total |   3021 |   2975 |     46 |   1707 |      0 |   1 | 3021.0 |
       Dungeon |   3021 |   2975 |     46 |   1707 |      0 |   1 | 3021.0 |
               +--------+--------+--------+--------+--------+-----+--------+

Top non-repeatable levels by time:
       D: 3021 daAuts
